 Dungeon Crawl Stone Soup version 0.18-a0-1789-gbeff17f (webtiles) character file.

158 graki42 the Sneak (level 5, 0/35 HPs)
             Began as a Halfling Assassin on Apr 21, 2016.
             Was an Initiate of Dithmenos.
             Killed by divine providence
             ... invoked by an orc priest
              (17 damage)
             ... on level 4 of the Dungeon.
             The game lasted 00:06:22 (2328 turns).

graki42 the Sneak (Halfling Assassin)               Turns: 2328, Time: 00:06:23

Health: 0/35       AC:  5    Str: 11    XL:     5   Next: 67%
Magic:  5/5        EV: 15    Int: 10    God:    Dithmenos [......]
Gold:   183        SH:  0    Dex: 17    Spells: 0 memorised, 4 levels left

rFire  . . .     SeeInvis +     p - +2 dagger (speed)
rCold  . . .     Gourm    .     c - +0 robe
rNeg   . . .     Faith    .     (shield restricted)
rPois  .         Spirit   .     i - +0 helmet
rElec  .         Dismiss  .     d - +0 cloak
rCorr  .         Reflect  .     (no gloves)
SustAt .         Harm     .     u - +0 pair of boots
MR     .....                    (no amulet)
Stlth  ++++......               (no ring)
                                m - ring of see invisible

@: not resistant to hostile enchantments, stealthy
A: mutation resistance 1
a: Renounce Religion


You were on level 4 of the Dungeon.
You worshipped Dithmenos.
Dithmenos was noncommittal.
You were not hungry.

You visited 2 branches of the dungeon, and saw 5 of its levels.

You collected 183 gold pieces.

Inventory:

Hand Weapons
 a - a +2 dagger
 b - a +0 blowgun
 p - a +2 dagger of speed (weapon)
Missiles
 e - 8 poisoned needles
 f - 2 curare-tipped needles
Armour
 c - a +0 robe (worn)
 d - a +0 cloak (worn)
 i - a +0 helmet (worn)
 u - a +0 pair of boots (worn)
Jewellery
 m - a ring of see invisible (left hand)
Wands
 D - a wand of lightning (2/15)
Scrolls
 j - a scroll of amnesia {unknown}
 l - 2 scrolls of immolation {unknown}
 o - 2 scrolls of recharging {unknown}
 r - a scroll of enchant armour {unknown}
 s - 2 scrolls of identify {unknown}
 v - a scroll of remove curse {unknown}
 w - a scroll of teleportation {unknown}
 y - a scroll of noise {unknown}
 A - a scroll of magic mapping {unknown}
 B - a scroll of enchant weapon {unknown}
 C - a scroll of random uselessness {unknown}
Potions
 h - a potion of curing {unknown}
 k - 2 potions of invisibility {unknown}
 n - 3 potions of flight {unknown}
 q - a potion of heal wounds {unknown}
 t - a potion of degeneration {unknown}
 z - a potion of agility
 F - 2 potions of might {unknown}
Comestibles
 g - 3 bread rations
 x - a meat ration
 E - a beef jerky
 G - 2 chunks of flesh


   Skills:
 + Level 2.4 Fighting
 + Level 3.7 Short Blades
 + Level 2.6 Throwing
 + Level 2.5 Dodging
 + Level 5.9 Stealth


You had 4 spell levels left.
You didn't know any spells.

Dungeon Overview and Level Annotations

Branches:
Dungeon (4/15)             Temple (1/1) D:4

Altars:
Ashenzari
Cheibriados
Dithmenos
Elyvilon
Fedhas
Gozag
Kikubaaqudgha
Makhleb
Nemelex Xobeh
Pakellas
Xom
The Shining One


Innate Abilities, Weirdness & Mutations

You are small and have problems with some larger weapons.
You are somewhat resistant to further mutation.


Message History

You hit the hound skeleton. The hound skeleton closely misses you.
You hit the hound skeleton.
You destroy the hound skeleton!
Dithmenos accepts your kill.
There is an open door here.
You open the door.
An orc priest comes into view. It is wielding a short sword.
There is an open door here.
Found a stone staircase leading up.
The orc shouts!
A gnoll comes into view.
The orc priest shouts!
The orc wizard points at you and mumbles some strange words.
The puff of flame hits you!
The gnoll shouts!
There is an open door here.
There is an open door here.
The orc priest invokes the aid of Beogh against you.
Beogh smites you!
You die...

#...##....# #+####
#...##....####....##
#...o........#.....#
#.......oo...#.....#
#....###o###.'...(.#
#....#.....#.#.....#
######.###.###....##
#....g.#>#.'.#....# .
#...@#.#'#.#.)....##.
#>...#...).#.........
#....###+###......(..
#...........##....##.
#...........##....# .
#..........รท......###
#......##...##.......
#......#######.......
#......##...##..(.##.


You could see an orc priest, an orc wizard, a gnoll and an orc.

Vanquished Creatures
  Terence (D:3)
  A hound skeleton (D:4)
  2 gnolls (D:4)
  3 adders
  2 oozes
  2 worms (D:2)
  A dart slug (D:2)
  2 giant geckos
  A giant cockroach (D:3)
  7 goblins
  6 hobgoblins
  2 quokkas
  3 ball pythons
  8 bats
  3 giant newts
  11 kobolds
  3 rats
58 creatures vanquished.

Notes
Turn   | Place    | Note
--------------------------------------------------------------
     0 | D:1      | graki42 the Halfling Assassin began the quest for the Orb.
     0 | D:1      | Reached XP level 1. HP: 14/14 MP: 1/1
   116 | D:1      | Reached XP level 2. HP: 16/19 MP: 2/2
   574 | D:2      | Reached XP level 3. HP: 24/24 MP: 3/3
   602 | D:2      | Reached skill level 5 in Stealth
   908 | D:2      | Reached XP level 4. HP: 23/29 MP: 4/4
  1092 | D:2      | Found a shimmering altar of Xom.
  1448 | D:3      | Found a glowing golden altar of the Shining One.
  1554 | D:3      | Noticed Terence
  1582 | D:3      | Killed Terence
  1582 | D:3      | Reached XP level 5. HP: 23/34 MP: 5/5
  1833 | D:3      | Found a snail-covered altar of Cheibriados.
  1833 | D:3      | Found an oddly glowing altar of Pakellas.
  2188 | D:4      | Found a staircase to the Ecumenical Temple.
  2198 | Temple   | Entered the Ecumenical Temple
  2237 | Temple   | Became a worshipper of Dithmenos the Shadowed
  2328 | D:4      | Killed from afar by an orc priest

Vault maps used:
D:1:      saegor_arrival_miasma, minivault_27, serial_bayou_ford_a,
          patterned_corridor
D:2:      lemuel_crystal_altar
D:3:      tso_metal_star, gammafunk_temple_overflow_wave, first_bread,
          uniq_terence
D:4:      old_forge, minmay_temple_entry_glassed_door
Temple:   minmay_temple_bridge_a_8

Skill      XL: |  1  2  3  4 |
---------------+-------------+-----
Fighting       | 2 |  2.4
Short Blades   | 3 |  3.7
Stealth        | 5 |  5.9
Dodging        | 2 |  2.5
Throwing       | |  2.6

Action                   |  1- 3 |  4- 6 || total
-------------------------+-------+-------++-------
Melee: Dagger            |    90 |   109 ||   199
 Fire: Blowgun           |     4 |       ||     4
 Stab: Sleeping          |     5 |     8 ||    13
       Distracted        |     1 |       ||     1
  Eat: Chunk             |       |     4 ||     4
Armor: Robe              |    16 |    12 ||    28
Dodge: Dodged            |    62 |    41 ||   103
